 Dungeon Crawl Stone Soup version 0.29.1 (webtiles) character file.

Game seed: 6928901617932574226

5 Icepheonix32 the Gusty (level 1, 0/10 HPs)
             Began as a Tengu Air Elementalist on Sept 12, 2022.
             Hit by a stone thrown by a kobold (2 damage)
             ... on level 1 of the Dungeon.
             The game lasted 00:00:43 (216 turns).

Icepheonix32 the Gusty (Tengu Air Elementalist)      Turns: 216, Time: 00:00:43

Health: 0/10       AC:  2    Str:  8    XL:     1   Next: 80%
Magic:  2/4        EV: 12    Int: 15    God:
Gold:   0          SH:  0    Dex: 14    Spells: 3/4 levels left

rFire   + . .      SeeInvis .   (no weapon)
rCold   x . .      Faith    .   (no shield)
rNeg    . . .      Spirit   .   a - +0 robe
rPois   .          Reflect  .   (helmet restricted)
rElec   .          Harm     .   (no cloak)
rCorr   .          Rampage  .   (no gloves)
Will    .....                   (boots unavailable)
Stlth   ++........              (no amulet)
HPRegen 0.03/turn               h - ring of fire
MPRegen 0.09/turn               (no ring)

@: no status effects
A: beak, talons 3
a: no special abilities


You were on level 1 of the Dungeon.
You visited 1 branch of the dungeon, and saw 1 of its levels.

Inventory:

Armour
 a - a +0 robe (worn)
Jewellery
 h - a ring of fire (left hand)
Scrolls
 d - a scroll of identify {unknown}
 g - a scroll of enchant armour {unknown}
Potions
 b - a potion of magic
 c - a potion of flight {unknown}
 e - a potion of lignification {unknown}
 f - a potion of resistance {unknown}


   Skills:
 - Level 2.1 Dodging
 - Level 2.0 Stealth
 - Level 2.0 Spellcasting
 - Level 1.3 Conjurations
 + Level 4.5 Air Magic


You had 3 spell levels left.
You knew the following spells:

 Your Spells              Type           Power      Damage    Failure   Level
a - Shock                 Conj/Air       40%        1d5       7%          1

Your spell library contained the following spells:

 Spells                   Type           Power      Damage    Failure   Level
 Static Discharge         Conj/Air       10%        3-5/arc   10%         2
 Swiftness                Air            15%        N/A       11%         3
 Scorch                   Fire           4%         2d5       32%         2
 Airstrike                Air            7%         2d(2-18)  34%         4
 Flame Wave               Conj/Fire      5%         2d5       86%         4
 Summon Cactus Giant      Summ           0%         N/A       100%        6


Dungeon Overview and Level Annotations

Branches:
Dungeon (1/15)

Altars:


Innate Abilities, Weirdness & Mutations

You have a beak for a mouth.
You have claws for feet.


Message History

You miscast Shock.
Nothing appears to happen.
You are out of magic!
You are out of magic!
A ball python comes into view.
You closely miss the goblin. You claw the goblin.
You kill the goblin!
You are out of magic!
Found 2 scrolls labelled BOCAPL SOUHO.
The ball python hisses angrily.
A rat comes into view.
You are out of magic!
You are out of magic!
You see here a book of Scorching.
You pick up a book of Scorching and begin reading...
You add the spells Scorch, Flame Wave and Summon Cactus Giant to your library.
The ball python closely misses you. The ball python barely misses you.
The ball python attacks as you move away!
The ball python barely misses you. The ball python closely misses you.
A kobold comes into view. It is wielding a +0 club.
The ball python attacks as you move away!
The ball python misses you.
The kobold throws a stone.
The stone hits you. The ball python closely misses you.
The ball python barely misses you.
The ball python attacks as you move away!
The ball python bites you. The ball python barely misses you.
Your magical contamination has completely faded away.
Found a quarterstaff.
The ball python attacks as you move away!
The ball python barely misses you. The ball python closely misses you.
A hobgoblin comes into view.
The ball python bites you. The ball python grabs you.
The ball python constricts you.
You escape the ball python's grasp.
The kobold attacks as you move away! The kobold hits you with a +0 club.
* * * LOW HITPOINT WARNING * * *
The kobold attacks as you move away! The kobold hits you but does no damage.
Found a stone staircase leading down.
The kobold throws a stone.
The stone hits you but does no damage.
The rat twitches its whiskers.
The kobold throws a stone.
The stone hits you.
You die...

PP.P.P....g.#
.........#
####.....#
.........#
...#


You could see a ball python and a kobold.

Vanquished Creatures
  A bat (D:1)
  A goblin (D:1)
  A kobold (D:1)
  3 rats (D:1)
6 creatures vanquished.

Vanquished Creatures (others)
  16 plants (D:1)
16 creatures vanquished.

Grand Total: 22 creatures vanquished

Notes
Turn   | Place    | Note
-------+----------+-------------------------------------------
     0 | D:1      | Icepheonix32 the Tengu Air Elementalist began the quest for
                  | the Orb.
     0 | D:1      | Reached XP level 1. HP: 10/10 MP: 4/4
   216 | D:1      | Hit by a stone thrown by a kobold

Illustrated notes

Levels and vault maps discovered:
D:1:      roderic_crop_circles_arrival_small, layout_rooms, nrook_mini_vaults

Action                   || total
-------------------------++-------
Melee: Unarmed           ||     3
       Kick              ||     2
       Peck              ||     1
 Cast: Shock             ||    10
Armor: Robe              ||     4
Dodge: Dodged            ||    12
